 Dungeon Crawl Stone Soup version 0.30.1-4-g462c640d31 (webtiles) character file.

Game seed: 3004235934464869450

206972 DemonspawnMonk the Destroyer (level 18, -10/146 HPs)
             Began as a Demonspawn Monk on Sept 5, 2023.
             Was a High Priest of Ashenzari.
             Mangled by a demonic crawler (11 damage)
             ... on level 4 of the Spider Nest on Sept 10, 2023.
             The game lasted 02:13:34 (44261 turns).

DemonspawnMonk the Destroyer (Demonspawn Monk)     Turns: 44261, Time: 02:13:36

Health: -10/146    AC: 18    Str:  9    XL:     18   Next: 8%
Magic:  32/45      EV: 19    Int: 25    God:    Ashenzari [*****.]
Gold:   1580       SH:  4    Dex: 17    Spells: 2/45 levels left

rFire   + . .        a - +10 rapier "Bung" {flame, rElec MP+9}
rCold   + . .        d - orb of Supernal Understanding {light, Range, Alch} (curse)
rNeg    . . .        y - +2 robe of the Fated Rationality {Archmagi, Self, Bglg} (curse)
rPois   .            r - +2 helmet of Ashenzari's Insecurity {Alch, Elem} (curse)
rElec   +            s - scarf of Ashenzari's Pleiades {rC+ rF+, Range, Elem} (curse)
rCorr   .            G - +2 pair of gloves of the Unyielding Gaze {Elem, Melee} (curse)
SInv    +            (boots unavailable)
Will    +....        x - amulet of the Lashed Portent {RegenMP, Range, Comp} (curse)
Stlth   +++          n - ring of Desmomancy {Wiz, Cun, Elem} (curse)
HPRegen 0.44/turn    f - ring of the Unmoving One {Int+6, Comp, Cun} (curse)
MPRegen 0.69/turn

%: clarity, wizardry (x1), archmagi
@: about to teleport, corroded, sanguine armoured, slowed, glowing, very slow
A: hooves 3, icemail 1, sanguine armour 3, condensation shield, demonic magic 2,
bedeviling, weak 1
}: 1/15 runes: barnacled
a: Renounce Religion, Curse Item, Shatter the Chains


You were on level 4 of the Spider Nest.
You worshipped Ashenzari.
Ashenzari was extremely pleased with you.
You visited 6 branches of the dungeon, and saw 31 of its levels.
You also visited: Bailey.

You collected 2972 gold pieces.
You spent 1392 gold pieces at shops.

Inventory:

Hand Weapons
 a - the +10 rapier "Bung" (weapon) {flame, rElec MP+9}
   (You bought it in a shop on level 13 of the Dungeon)

   rElec:     It insulates you from electricity.
   MP:        It affects your magic capacity (+9).
 b - a +9 scimitar of flaming
 z - the +10 dark maul {heavy}
   (You found it on level 14 of the Dungeon)
 N - the +0 triple sword "Orb Guardian's Peril" {pain, *Slow Str+6 Int+3 Dex+4}
   (You found it in a bailey)

   Str:       It affects your strength (+6).
   Int:       It affects your intelligence (+3).
   Dex:       It affects your dexterity (+4).
   *Slow:     It may slow you when you take damage.
Missiles
 B - 24 javelins (quivered)
 L - 10 atropa-tipped darts
 R - 11 curare-tipped darts
 X - 4 throwing nets
Armour
 d - the cursed orb of Supernal Understanding (worn) {light, Range, Alch}

   It has a curse which improves the following skills: Ranged Combat: Ranged
   Weapons and Throwing.
   Alchemy:   Poison Magic and Transmutations.
 l - a +2 cloak of poison resistance
 r - the cursed +2 helmet of Ashenzari's Insecurity (worn) {Alch, Elem}
   (You found it on level 4 of the Lair of Beasts)

   It has a curse which improves the following skills: Alchemy: Poison Magic and
   Transmutations.
   Elements:  Fire Magic, Ice Magic, Air Magic and Earth Magic.
 s - the cursed scarf of Ashenzari's Pleiades (worn) {rC+ rF+, Range, Elem}
   (You found it on level 2 of the Dungeon)

   It has a curse which improves the following skills: Ranged Combat: Ranged
   Weapons and Throwing.
   Elements:  Fire Magic, Ice Magic, Air Magic and Earth Magic.
 y - the cursed +2 robe of the Fated Rationality (worn) {Archmagi, Self, Bglg}
   (You took it off Jessica on level 3 of the Dungeon)

   It has a curse which improves the following skills: Introspection: Fighting
   and Spellcasting.
   Beguiling: Conjurations, Hexes and Translocations.
 G - the cursed +2 pair of gloves of the Unyielding Gaze (worn) {Elem, Melee}
   (You found it on level 5 of the Lair of Beasts)

   It has a curse which improves the following skills: Elements: Fire Magic, Ice
   Magic, Air Magic and Earth Magic.
   Melee Combat: Short Blades, Long Blades, Axes, Maces & Flails, Polearms,
   Staves and Unarmed Combat.
Jewellery
 f - the cursed ring of the Unmoving One (right hand) {Int+6, Comp, Cun}
   (You took it off Duvessa on level 3 of the Dungeon)

   [ring of intelligence]

   Int:       It affects your intelligence (+6).
   It has a curse which improves the following skills: Companions: Summonings
   and Necromancy.
   Cunning:   Dodging and Stealth.
 n - the cursed ring of Desmomancy (left hand) {Wiz, Cun, Elem}
   (You found it on level 8 of the Dungeon)

   [ring of wizardry]

   It improves your spell success rate.
   It has a curse which improves the following skills: Cunning: Dodging and
   Stealth.
   Elements:  Fire Magic, Ice Magic, Air Magic and Earth Magic.
 x - the cursed amulet of the Lashed Portent (around neck) {RegenMP, Range, Comp}
   (You found it on level 5 of the Dungeon)

   [amulet of magic regeneration]

   It increases your rate of magic regeneration.
   It has a curse which improves the following skills: Ranged Combat: Ranged
   Weapons and Throwing.
   Companions: Summonings and Necromancy.
 C - a +4 ring of protection
 K - a +6 ring of intelligence
 T - a +6 ring of strength
Wands
 c - a wand of polymorph (9)
 g - a wand of roots (24)
 m - a wand of flame (60)
 D - a wand of mindburst (33)
 M - a wand of charming (57)
 Q - a wand of digging (15)
 Y - a wand of quicksilver (22)
Scrolls
 i - 7 scrolls of fog
 k - 7 scrolls of poison
 p - 14 scrolls of teleportation
 u - 8 scrolls of vulnerability
 A - 7 scrolls of fear
 H - 3 scrolls of magic mapping
 I - 4 scrolls of blinking
Potions
 e - 2 potions of heal wounds
 h - 14 potions of brilliance
 j - 8 potions of flight
 t - 6 potions of resistance
 v - a potion of invisibility
 w - 2 potions of magic
 E - 18 potions of curing
 F - 5 potions of haste
 J - 3 potions of lignification
 O - 5 potions of might
 P - 4 potions of ambrosia
 W - 2 potions of berserk rage
 Z - 3 potions of cancellation
Miscellaneous
 o - a box of beasts
 q - a lightning rod (4/4)
 S - a phial of floods
 U - a condenser vane
 V - a phantom mirror


   Skills:
 - Level 11.9(14.0) Fighting
 - Level 9.5(13.7) Short Blades
 - Level 11.6(14.8) Long Blades
 - Level 9.8(14.0) Throwing
 * Level 8.6(11.8) Dodging
 - Level 10.8(14.0) Stealth
 - Level 11.9(14.0) Spellcasting
 - Level 11.9(14.0) Conjurations
 - Level 4.5(6.6) Hexes
 - Level 6.8(10.0) Summonings
 - Level 5.0(8.0) Necromancy
 - Level 0.8(2.0) Translocations
 - Level 3.4(6.1) Transmutations
 - Level 4.2(8.7) Earth Magic
 - Level 8.0 Evocations


You had 2 spell levels left.
You knew the following spells:

 Your Spells              Type           Power      Damage    Failure   Level
a - Petrify               Tmut/Erth      70%        N/A       1%          4
b - Summon Cactus Giant   Summ           40%        N/A       3%          6
c - Fulminant Prism       Conj/Hex       50%        3d23      1%          4
d - Borgnjor's Vile Clut  Necr/Erth      36%        N/A       1%          5
e - Irradiate             Conj/Tmut      40%        3d25      1%          5
f - Stone Arrow           Conj/Erth      100%       3d13      1%          3
g - Orb of Destruction    Conj           46%        9d12      3%          7
x - Apportation           Tloc           82%        N/A       1%          1
A - Animate Dead          Necr           72%        N/A       1%          4
E - Passwall              Tmut/Erth      58%        N/A       1%          2
Q - Blink                 Tloc           82%        N/A       1%          2

Your spell library contained the following spells:

 Spells                   Type           Power      Damage    Failure   Level
 Magic Dart               Conj           100%       1d8       0%          1
 Searing Ray              Conj           100%       2d8       0%          2
 Freeze                   Ice            100%       1d10      1%          1
 Sandblast                Erth           100%       2d20      1%          1
 Summon Small Mammal      Summ           100%       N/A       1%          1
 Lesser Beckoning         Tloc           82%        N/A       1%          2
 Momentum Strike          Conj/Tloc      100%       3d10      1%          2
 Scorch                   Fire           62%        2d8       1%          2
 Sublimation of Blood     Necr           72%        N/A       1%          2
 Call Canine Familiar     Summ           80%        N/A       1%          3
 Gell's Gravitas          Tloc           41%        N/A       1%          3
 Hailstorm                Conj/Ice       69%        3d14      1%          3
 Summon Guardian Golem    Hex/Summ       93%        N/A       1%          3
 Teleport Other           Tloc           41%        N/A       1%          3
 Animate Armour           Summ/Erth      100%       N/A       1%          4
 Flame Wave               Conj/Fire      69%        2d16      1%          4
 Leda's Liquefaction      Hex/Erth       45%        N/A       1%          4
 Lee's Rapid Deconstruct  Erth           37%        3d19*     1%          5
 Iron Shot                Conj/Erth      42%        9d8       1%          6
 Blade Hands              Tmut           32%        N/A       2%          5
 Frozen Ramparts          Ice            62%        1d10      3%          3
 Death Channel            Necr           36%        N/A       8%          6
 Spellforged Servitor     Conj/Summ      43%        N/A       9%          7
 Alistair's Intoxication  Tmut/Pois      33%        N/A       10%         5
 Statue Form              Tmut/Erth      46%        N/A       10%         6
 Haunt                    Necr/Summ      38%        N/A       26%         7
 Dispersal                Tloc           20%        N/A       61%         6
 Infestation              Necr           36%        N/A       95%         8


Dungeon Overview and Level Annotations

Branches:
Dungeon (15/15)            Temple (1/1) D:6            Lair (5/5) D:10
 Shoals (4/4) Lair:3       Spider (4/4) Lair:2        Slime (0/5) Lair:5
    Orc (2/2) D:12            Elf (0/3) Orc:2        Bailey (visited)
 Vaults: D:13-14     Depths: D:15

Altars:
Ashenzari
Cheibriados
Dithmenos
Hepliaklqana
Makhleb
Okawaru
Qazlal
Trog
Yredelemnul
Jiyva

Shops:
D:2 (   D:9 [   D:13 (   Orc:1 *   Orc:2 [(*!(

Annotations:
D:10 2 transporters
D:14 1 exclusion
Lair:1 1 exclusion
Lair:2 1 runed translucent door, Arunde's ghost, journeyman HOFi
Shoals:2 exclusion: sensed monster (detected)
Spider:4 2 transporters, spardeous's ghost, adept DgCj


Innate Abilities, Weirdness & Mutations

You have hooves in place of feet.
A meltable icy envelope protects you from harm. (AC +4)
When seriously injured, your blood forms very thick armour. (AC +12)
A meltable shield of frost defends you. (SH +4)
Spells you cast may paralyse nearby enemies.
Your hexes are more powerful.
You are weak. (Str -2)


Message History

The demonic crawler hits you! You block the demonic crawler's attack.
The demonic crawler hits you.
A steelbarb worm comes into view.
The demonic crawler hits you but does no damage. x2
The demonic crawler misses you.
The boulder beetle curls into a ball and begins rolling!
The boulder beetle hits you!!
* * * LOW HITPOINT WARNING * * *
The boulder beetle stops rolling and uncurls.
The demonic crawler hits you but does no damage.
The demonic crawler closely misses you. The demonic crawler misses you.
The demonic crawler closely misses you. The demonic crawler barely misses you.
The demonic crawler hits you!
* * * LOW HITPOINT WARNING * * *
You feel much better.
The zombie hands constrict the demonic crawler!
The demonic crawler is struck by your cactus giant's spines.
The demonic crawler hits your cactus giant!
The demonic crawler hits your cactus giant.
The demonic crawler hits your cactus giant!
A demonic crawler comes into view.
The boulder beetle bites you!
* * * LOW HITPOINT WARNING * * *
The demonic crawler completely misses you.
The demonic crawler hits you!
* * * LOW HITPOINT WARNING * * *
The demonic crawler closely misses you.
The demonic crawler hits you but does no damage.
The demonic crawler hits you!
* * * LOW HITPOINT WARNING * * *
The demonic crawler closely misses you.
The demonic crawler is struck by your cactus giant's spines.
The demonic crawler barely misses your cactus giant.
The demonic crawler hits your cactus giant! x2
Your cactus giant is destroyed!
Your cactus giant disappears in a puff of smoke!
The boulder beetle bites you!
* * * LOW HITPOINT WARNING * * *
The demonic crawler hits you!
You die...

#.....#.### {,{ , * *
...©......## ,,,,{ ,, * , ,,
.#####..#..#** , {.##* *
##ysy##..#.##* , .^.#*, *
#.###B##....###** ,*○..^## *,
..~~{B.##.....#######○°○...
...~.~~8##.....#..^.#B.....,^
*^ #.###.#~~##...##.B°.ws.(..
^ *
.##s##$...##..#.@s†§sw###..,
**..)#.~~#B#.....s.....^...
∆~/#.s#W#†..†.....^..... *
)/.##~y#s#..†^...........*
$##y##...y##..#.#...####..#
#..##~#..##..######## ##
~~...~~8##..## **
~..~~.{##..## #.###{##..##


You could see 2 boulder beetles, a steelbarb worm, a torpor snail, 4 demonic
crawlers, a moth of wrath, a redback and spardeous's ghost.

Vanquished Creatures
  Arachne (Spider:4)
  Jorgrun (Shoals:2)
  Rupert (Lair:5)
  2 krakens
  Roxanne (Spider:4)
  2 orc warlords (Orc:2)
  5 broodmothers
  A spark wasp (Spider:2)
  Snorg (Lair:4)
  7 merfolk impalers
  3 merfolk javelineers
  5 entropy weavers
  7 centaur warriors
  4 hydras
  Erica (D:9)
  2 merfolk avatars
  2 catoblepae
  A death knight (D:14)
  3 two-headed ogres
  6 boulder beetles
  4 radroaches
  3 satyrs
  A deep troll shaman (Lair:5)
  2 tengu warriors
  14 death yaks
  8 merfolk aquamancers
  Nergalle (D:11)
  Sonja (Lair:1)
  5 skysharks
  A titan skeleton (D:15)
  2 pharaoh ants
  2 sun moths (Spider:1)
  The ghost of monsoonserge the Cutter, a novice DsMo of Kikubaaqudgha (D:7)
  9 sea snakes
  A sixfirhy (D:11)
  A deep troll (Orc:1)
  4 orb spiders
  6 steelbarb worms
  A lindwurm (Lair:5)
  A deep elf archer (Shoals:2)
  4 harpies
  A deep elf pyromancer (D:8)
  Pikel (D:7)
  2 orc sorcerers (Orc:1)
  10 orc knights
  A deep elf zephyrmancer (Shoals:2)
  2 necromancers
  6 wolf spiders
  7 ugly things
  A fire giant zombie (D:15)
  4 cyclopes
  9 manticores
  Maurice (Orc:2)
  4 merfolk sirens
  2 moths of wrath
  9 fauns
  8 elephants
  Joseph (D:8)
  6 demonic crawlers
  3 gargoyles
  An eye of devastation (shapeshifter) (D:10)
  14 cane toads
  4 torpor snails
  9 water nymphs
  An unseen horror (D:13)
  6 kobold demonologists
  3 rime drakes
  Psyche (D:9)
  A yaktaur (D:15)
  A freezing wraith (D:14)
  6 komodo dragons
  3 tengu conjurers
  A queen bee (Lair:2)
  11 meliai
  15 merfolk
  A hellwing (D:10)
  3 trolls
  5 polar bears
  A raiju (shapeshifter) (D:15)
  16 tarantellas
  6 snapping turtles
  4 wind drakes
  A radroach zombie (Spider:3)
  6 blink frogs
  22 jumping spiders
  3 slime creatures (D:15)
  7 wyverns
  2 ynoxinuls (D:11)
  14 culicivoras
  15 water elementals
  3 spriggans
  2 wraiths
  Grum (Lair:1)
  51 yaks
  7 basilisks
  The ghost of WaxSun the Chopper, an amateur FoCK of Xom (D:3)
  A steam dragon (Lair:4)
  56 redbacks
  8 vampire mosquitoes
  A glowing shapeshifter zombie (D:15)
  13 wargs
  An acid dragon (D:12)
  11 water moccasins
  Duvessa (D:3)
  5 black bears
  47 orc warriors
  A sky beast (D:8)
  9 ogres
  24 wolves
  14 centaurs
  2 lemures (D:7)
  A phantom (D:6)
  5 kobold brigands
  7 bullfrogs
  10 scorpions
  5 wights
  Dowan (D:3)
  32 killer bees
  5 electric eels
  2 howler monkeys
  4 lava snakes (Lair:1)
  8 orc priests
  5 quasits (D:11)
  3 jellies
  2 gnoll boudas (D:5)
  3 hounds
  A sleepcap (D:5)
  Jessica (D:3)
  6 iguanas
  13 orc wizards
  2 polar bear simulacra (Lair:3)
  2 yak simulacra (Lair:3)
  3 wolf simulacra (Lair:3)
  9 gnolls
  11 adders
  A river rat (Lair:2)
  2 shadow imps
  3 white imps
  4 ufetubi
  5 worms
  5 dart slugs
  105 orcs
  3 bats
  8 endoplasms
  7 giant cockroaches
  9 goblins
  6 hobgoblins
  4 jackals
  27 kobolds
  4 quokkas
  10 ball pythons
  2 frilled lizards
  10 rats
  4 river rat simulacra (Lair:3)
  9 tentacles
1017 creatures vanquished.

Vanquished Creatures (collateral kills)
  Gastronok (Lair:3)
  The ghost of jsudlow the Phalangite, a journeyman MiBe of Trog (Lair:4)
  2 emperor scorpions (Spider:3)
  A war gargoyle (D:14)
  A merfolk javelineer (Shoals:4)
  3 entropy weavers
  A jorogumo (Spider:4)
  A boulder beetle (Spider:4)
  A satyr (Shoals:4)
  A merfolk avatar (Shoals:4)
  2 catoblepae (Lair:5)
  A death yak (Lair:5)
  2 deep elf knights (Shoals:2)
  2 pharaoh ants (Spider:4)
  An orb spider (Spider:4)
  A deep elf archer (Shoals:2)
  3 wolf spiders
  3 harpies
  2 steelbarb worms
  3 elephants (Lair:5)
  A merfolk siren (Shoals:1)
  2 demonic crawlers
  A torpor snail (Lair:2)
  2 cane toads (Lair:5)
  2 komodo dragons
  A rime drake (Lair:4)
  3 merfolk
  A meliai (Spider:4)
  2 trolls
  A blink frog (Lair:3)
  5 tarantellas
  A culicivora (Spider:4)
  2 water elementals
  4 jumping spiders
  A basilisk (Lair:2)
  A ynoxinul (D:11)
  3 redbacks
  2 orc warriors (Bailey)
  A black bear (Lair:2)
  6 wolves
  A centaur (D:10)
  2 scorpions (Lair:2)
  2 wights (D:9)
  An orc (Bailey)
81 creatures vanquished.

Vanquished Creatures (others)
  A broodmother zombie (Spider:4)
  A wolf spider zombie (Spider:3)
  2 sea snake zombies
  2 steelbarb worm zombies (Spider:4)
  8 redback zombies
  3 harpy zombies (Shoals:4)
  2 demonic crawler zombies
  2 jumping spider zombies
  A radroach zombie (Spider:4)
  3 tarantella zombies
  3 culicivora zombies (Spider:4)
  A meliai zombie (Spider:4)
  2 merfolk zombies
  An entropy weaver zombie (Spider:4)
  A butterfly (Lair:1)
  45 fulminant prisms
  20 tentacles
98 creatures vanquished.

Grand Total: 1196 creatures vanquished

Notes
Turn   | Place    | Note
-------+----------+-------------------------------------------
     0 | D:1      | DemonspawnMonk the Demonspawn Monk began the quest for the
                  | Orb.
     0 | D:1      | Reached XP level 1. HP: 18/18 MP: 1/1
   114 | D:1      | Gained mutation: When seriously injured, your blood forms
                  | armour. (AC +12) [demonic ancestry]
   114 | D:1      | Reached XP level 2. HP: 21/24 MP: 2/2
   414 | D:1      | Reached XP level 3. HP: 29/29 MP: 3/3
   657 | D:1      | Found a faded altar of an unknown god.
   660 | D:1      | Prayed at the altar of an unknown god.
   660 | D:1      | Became a worshipper of Ashenzari the Shackled
   665 | D:1      | Reached * piety under Ashenzari
  1183 | D:2      | Found Riot's Weapon Boutique.
  1321 | D:2      | Reached skill level 1 in Short Blades
  1327 | D:2      | Reached ** piety under Ashenzari
  1573 | D:3      | Noticed WaxSun's ghost (amateur FoCK)
  1596 | D:3      | Reached XP level 4. HP: 37/37 MP: 4/4
  1612 | D:3      | Found a runed translucent door.
  1893 | D:3      | Identified the +10 dagger of Veqy {freeze, Str+3}
  1943 | D:3      | Reached XP level 5. HP: 42/42 MP: 5/5
  1972 | D:3      | Noticed Jessica
  1979 | D:3      | Killed Jessica
  2935 | D:4      | Noticed an ogre
  2957 | D:4      | Killed an ogre
  2958 | D:4      | Gained mutation: Spells you cast may paralyse adjacent
                  | enemies. [demonic ancestry]
  2958 | D:4      | Reached XP level 6. HP: 48/48 MP: 6/6
  3005 | D:4      | Reached *** piety under Ashenzari
  3016 | D:4      | Learned a level 1 spell: Summon Small Mammal
  3018 | D:4      | Learned a level 1 spell: Magic Dart
  3021 | D:4      | Learned a level 2 spell: Searing Ray
  3034 | D:4      | Found a stormy altar of Qazlal.
  3037 | D:4      | Found a shadowy altar of Dithmenos.
  3204 | D:4      | Reached skill level 1 in Conjurations
  3460 | D:4      | Found a burning altar of Makhleb.
  3567 | D:5      | Entered Level 5 of the Dungeon
  3768 | D:5      | Gained mutation: You have large cloven feet. [demonic
                  | ancestry]
  3768 | D:5      | Reached XP level 7. HP: 36/54 MP: 7/7
  3959 | D:5      | Reached skill level 1 in Spellcasting
  3993 | D:5      | Noticed Dowan
  3994 | D:5      | Noticed Duvessa
  4174 | D:5      | Reached skill level 5 in Short Blades
  4267 | D:3      | Killed Duvessa
  4270 | D:3      | Killed Dowan
  4570 | D:5      | Gained mutation: When seriously injured, your blood forms
                  | thick armour. (AC +12) [demonic ancestry]
  4570 | D:5      | Reached XP level 8. HP: 54/63 MP: 11/11
  5598 | D:6      | Reached **** piety under Ashenzari
  5703 | D:6      | Learned a level 4 spell: Fulminant Prism
  5731 | D:6      | Reached skill level 1 in Stealth
  5763 | D:6      | Found a staircase to the Ecumenical Temple.
  5773 | Temple   | Entered the Ecumenical Temple
  6404 | D:7      | Gained mutation: A meltable shield of frost defends you.
                  | (SH +4) [demonic ancestry]
  6404 | D:7      | Reached XP level 9. HP: 69/69 MP: 7/12
  6430 | D:7      | Noticed Pikel
  6484 | D:7      | Reached skill level 1 in Hexes
  6757 | D:8      | Noticed Joseph
  6771 | D:8      | Killed Joseph
  7009 | D:8      | Identified the +1 ring mail "Poonuvek" {Harm Stlth+}
  7023 | D:8      | Noticed a tengu conjurer
  7030 | D:8      | Noticed a deep elf pyromancer
  7034 | D:8      | Found a runed translucent gate.
  7035 | D:8      | Found a runed translucent gate.
  7035 | D:8      | Noticed monsoonserge's ghost (novice DsMo)
  7036 | D:8      | Found a runed translucent gate.
  7184 | D:8      | Learned a level 3 spell: Call Canine Familiar
  7212 | D:8      | Reached skill level 5 in Conjurations
  7340 | D:8      | Identified the +3 war axe of Fortitude {freeze, rCorr
                  | Int+2}
  7514 | D:8      | Reached XP level 10. HP: 85/85 MP: 14/14
  7818 | D:8      | Reached skill level 1 in Summonings
  8287 | D:9      | Noticed a two-headed ogre
  8421 | D:8      | Reached XP level 11. HP: 70/91 MP: 12/16
  8516 | D:9      | Learned a level 5 spell: Irradiate
  8564 | D:9      | Found a flagged portal.
  8643 | Bailey   | Entered a bailey
  9704 | Bailey   | Identified the +0 triple sword "Orb Guardian's Peril"
                  | {pain, *Slow Str+6 Int+3 Dex+4}
 10447 | D:9      | Noticed Erica
 10466 | D:9      | Killed Erica
 10497 | D:9      | Identified the cursed scarf of Ashenzari's Pleiades {rC+
                  | rF+, Range, Elem} (You found it on level 2 of the Dungeon)
 10497 | D:9      | Identified the cursed +0 pair of gloves "Profound Seeker"
                  | {Evo, Self} (You found it on level 2 of the Dungeon)
 10497 | D:9      | Identified the cursed +2 robe of the Fated Rationality
                  | {Archmagi, Self, Bglg} (You took it off Jessica on level 3
                  | of the Dungeon)
 10610 | D:9      | Reached skill level 5 in Stealth
 10701 | D:9      | Noticed Psyche
 10715 | D:9      | Killed Psyche
 11124 | D:9      | Killed a two-headed ogre
 11341 | D:9      | Found Lukoot's Armour Shop.
 11349 | D:9      | Bought a +2 hat for 272 gold pieces
 11354 | D:9      | Reached ***** piety under Ashenzari
 11402 | D:9      | Reached skill level 1 in Transmutations
 11725 | D:10     | Entered Level 10 of the Dungeon
 11979 | D:10     | Reached skill level 5 in Dodging
 12135 | D:10     | Found a transporter.
 12137 | D:10     | Found a transporter.
 12139 | D:10     | Found a transporter.
 12327 | D:10     | Found a transporter.
 12466 | D:10     | Gained mutation: Spells you cast may paralyse nearby
                  | enemies. [demonic ancestry]
 12466 | D:10     | Reached XP level 12. HP: 71/97 MP: 13/18
 12552 | D:10     | Found a staircase to the Lair.
 13313 | Lair:1   | Entered Level 1 of the Lair of Beasts
 13386 | Lair:1   | Learned a level 2 spell: Passwall
 13448 | Lair:1   | Reached skill level 5 in Evocations
 13591 | Lair:1   | Noticed a catoblepas
 13682 | Lair:1   | Killed a catoblepas
 14181 | Lair:1   | Learned a level 3 spell: Stone Arrow
 14181 | Lair:1   | Noticed Sonja
 14185 | Lair:1   | Killed Sonja
 14349 | Lair:1   | Noticed Grum
 14369 | Lair:1   | Killed Grum
 15117 | Lair:2   | Found a runed translucent door.
 15516 | Lair:2   | Learned a level 1 spell: Apportation
 15577 | Lair:2   | Gained mutation: A meltable icy envelope protects you from
                  | harm. (AC +4) [demonic ancestry]
 15577 | Lair:2   | Reached XP level 13. HP: 106/106 MP: 21/23
 15635 | Lair:2   | Learned a level 4 spell: Petrify
 16043 | Lair:2   | Found a hole to the Spider Nest.
 16578 | Lair:2   | Reached skill level 5 in Spellcasting
 17635 | Lair:2   | Noticed Arunde's ghost (journeyman HOFi)
 18151 | Lair:3   | Noticed Gastronok
 18164 | Lair:3   | Killed Gastronok
 18300 | Lair:3   | Identified the +3 dagger of Meciz {heavy, Str+3}
 18569 | Lair:3   | Found a staircase to the Shoals.
 19148 | Lair:3   | Learned a level 7 spell: Orb of Destruction
 19623 | Lair:4   | Noticed Snorg
 19633 | Lair:4   | Killed Snorg
 19712 | Lair:4   | Gained mutation: You have hoof-like feet. [demonic
                  | ancestry]
 19712 | Lair:4   | Reached XP level 14. HP: 97/115 MP: 25/30
 19834 | Lair:4   | Reached skill level 10 in Conjurations
 20585 | Lair:5   | Entered Level 5 of the Lair of Beasts
 20585 | Lair:5   | Identified the +2 quarterstaff "Ogreslayer" {freeze,
                  | *Corrode rElec Str+9}
 20618 | Lair:5   | Identified a scroll of acquirement
 20628 | Lair:5   | Found a runed translucent gate.
 20628 | Lair:5   | Found a runed translucent gate.
 20628 | Lair:5   | Found a runed translucent gate.
 20630 | Lair:5   | Noticed jsudlow's ghost (journeyman MiBe)
 20630 | Lair:5   | Identified the staff of conjuration "Lusap" {rCorr Str+2
                  | Int-4 Dex+5}
 20928 | Lair:5   | Found a staircase to the Slime Pits.
 20928 | Lair:5   | Found a viscous altar of Jiyva.
 21089 | Lair:5   | Noticed Rupert
 22366 | D:7      | Killed Pikel
 22573 | D:3      | Killed WaxSun's ghost
 22701 | D:7      | Killed monsoonserge's ghost
 23144 | D:11     | Noticed Nergalle
 23153 | D:11     | Killed Nergalle
 23886 | D:12     | Found a staircase to the Orcish Mines.
 24812 | D:12     | Found a bloodstained altar of Trog.
 24959 | Orc:1    | Entered Level 1 of the Orcish Mines
 25091 | Orc:1    | Found Cotoxap's Assorted Antiques.
 25094 | Orc:1    | Bought a scroll of blinking for 172 gold pieces
 25094 | Orc:1    | Bought a scroll of fog for 92 gold pieces
 25094 | Orc:1    | Bought a shiny fluorescent wand for 92 gold pieces
 25164 | Orc:2    | Entered Level 2 of the Orcish Mines
 25630 | Orc:2    | Found a staircase to the Elven Halls.
 25680 | Orc:2    | Found Xojotept's Antique Weapon Shop.
 25680 | Orc:2    | Found Uruloni's Distillery.
 25695 | Orc:2    | Bought a potion of heal wounds for 70 gold pieces
 25695 | Orc:2    | Bought a potion of heal wounds for 70 gold pieces
 25695 | Orc:2    | Bought 2 potions of curing for 84 gold pieces
 25931 | Orc:2    | Noticed an orc warlord
 25962 | Orc:2    | Killed an orc warlord
 26087 | Orc:2    | Found Dyoneshrea's General Store.
 26118 | Orc:2    | Bought a wand of quicksilver (6) for 252 gold pieces
 26224 | Orc:2    | Reached XP level 15. HP: 75/122 MP: 31/31
 26324 | Orc:2    | Noticed Maurice
 26332 | Orc:2    | Killed Maurice
 26454 | Orc:2    | Found Pearumut's Armour Emporium.
 26454 | Orc:2    | Found Qumy's Weapon Shop.
 26513 | Orc:2    | Acquired a book of Scorching
 26522 | Orc:2    | Learned a level 6 spell: Summon Cactus Giant
 26780 | Orc:1    | Noticed Urug
 26792 | Orc:1    | Urug changed into Urug the deep troll
 26792 | Orc:1    | Noticed Urug
 26795 | Orc:1    | Killed Urug the deep troll
 27694 | D:13     | Found Cusuyrr's Antique Weapon Boutique.
 28962 | D:14     | Found the +10 dark maul {heavy}
 29086 | D:14     | Reached skill level 5 in Summonings
 29814 | D:15     | Entered Level 15 of the Dungeon
 30020 | D:15     | Found an iron altar of Okawaru.
 30289 | D:15     | Reached skill level 5 in Long Blades
 31766 | Lair:5   | Killed Rupert
 31989 | Lair:5   | Identified the +1 rapier of Bodily Harmony {venom, Str+3
                  | Dex+3}
 32176 | Lair:4   | Killed jsudlow's ghost
 32765 | D:10     | Learned a level 2 spell: Blink
 32849 | Shoals:1 | Entered Level 1 of the Shoals
 33469 | Shoals:1 | Gained mutation: When seriously injured, your blood forms
                  | very thick armour. (AC +12) [demonic ancestry]
 33469 | Shoals:1 | Reached XP level 16. HP: 129/129 MP: 27/32
 33819 | Shoals:2 | Noticed Jorgrun
 34075 | Shoals:2 | Killed Jorgrun
 34123 | Shoals:2 | Reached skill level 10 in Long Blades
 35088 | Shoals:1 | Learned a level 4 spell: Animate Dead
 35183 | Shoals:2 | Reached skill level 1 in Necromancy
 35674 | Shoals:3 | Reached skill level 5 in Necromancy
 35902 | Shoals:3 | Noticed a kraken
 35917 | Shoals:3 | Killed a kraken
 35918 | Shoals:3 | Reached skill level 1 in Earth Magic
 36051 | Shoals:3 | Noticed a kraken
 36606 | Shoals:4 | Entered Level 4 of the Shoals
 36748 | Shoals:4 | Identified the +3 shortbow of Defiance {heavy, Dex+4}
 36931 | Shoals:4 | Identified the +1 hat of Elyvilon's Approval {Harm MP+9
                  | Str+2 SInv}
 36938 | Shoals:4 | Reached skill level 10 in Spellcasting
 37332 | Shoals:4 | Noticed a kraken
 37433 | Shoals:4 | Killed a kraken
 38311 | Shoals:4 | Got a barnacled rune of Zot
 38414 | Shoals:4 | Gained mutation: You have hooves in place of feet. [demonic
                  | ancestry]
 38414 | Shoals:4 | Reached XP level 17. HP: 133/133 MP: 24/34
 39107 | Lair:3   | Learned a level 5 spell: Borgnjor's Vile Clutch
 39241 | D:13     | Bought a brightly glowing rapier for 288 gold pieces
 39241 | D:13     | Identified the +10 rapier "Bung" {flame, rElec MP+9} (You
                  | bought it in a shop on level 13 of the Dungeon)
 39241 | D:13     | nice
 39354 | Spider:1 | Entered Level 1 of the Spider Nest
 39448 | Spider:1 | Gained mutation: You are vulnerable to heat. (rF-)
                  | [mutagenic glow]
 39582 | Shoals:1 | Lost mutation: You are vulnerable to heat. (rF-) [potion of
                  | mutation]
 39582 | Shoals:1 | Gained mutation: You are weak. (Str -2) [potion of
                  | mutation]
 41936 | Spider:2 | Reached skill level 10 in Stealth
 42532 | Spider:3 | Reached skill level 10 in Fighting
 43417 | Spider:4 | Entered Level 4 of the Spider Nest
 43688 | Spider:4 | Noticed Roxanne
 43946 | Spider:4 | Killed Roxanne
 44120 | Spider:4 | Found a transporter.
 44153 | Spider:4 | Found a transporter.
 44170 | Spider:4 | Noticed spardeous's ghost (adept DgCj)
 44184 | Spider:4 | Gained mutation: Your hexes are more powerful. [demonic
                  | ancestry]
 44184 | Spider:4 | Reached XP level 18. HP: 146/146 MP: 36/36
 44233 | Spider:4 | Noticed Arachne
 44250 | Spider:4 | Killed Arachne
 44261 | Spider:4 | HP: 1/146 [boulder beetle (13)]
 44261 | Spider:4 | Mangled by a demonic crawler

Illustrated notes

...##.......##.#.#.# #.##......#
...##......[##.#.#.###########...
...#####.......#.#...............
...# #.######..........########
#### #.### #..................
##### #...# #..........##......
....######.# #..........##......
...........# #..........###.#.##
....######## #.@........###.#.##
.........# #####.##.####.....#
.........# #.##...........
.........# #.#######......
.........# #.......#......
.........# #######.#.....#
.........# #.#.....# .........#
##########.#...... .........#
#..........#......


Turn 39241 on D:13: nice

Levels and vault maps discovered:
D:1:      dpeg_arrival_court, layout_rooms,
          hellmonk_ecumenical_altar_defaced_shrine
D:2:      layout_basic, serial_shops, nicolae_shop_window_shopping,
          minmay_misc_feat_x
D:3:      layout_basic, ebering_ghost_sewer_d, uniq_jessica
D:4:      layout_rooms, lightli_temple_of_fire,
          grunt_temple_overflow_cloverleaf, kennysheep_small_circle
D:5:      layout_rooms, uniq_duvessa
D:6:      layout_loops_cross, minmay_temple_entry_poolview, minivault_24,
          kennysheep_opposing_triangles
D:7:      layout_rooms, amcnicky_mini_pool_small, uniq_pikel
D:8:      layout_loops_corners, gammafunk_ghost_split, uniq_joseph
D:9:      layout_roguey, special_room [special_room_orc], serial_shops,
          nicolae_shop_temple_entry_statues_fountains, enter_bailey_4,
          uniq_psyche, uniq_erica
D:10:     layout_rooms, due_lair_maze_entry_diamond, nicolae_diode_intersection
D:11:     layout_long_grid, serial_demonic, serial_demonic_d, serial_demonic_c,
          serial_demonic_c, serial_demonic_e, serial_demonic_c,
          serial_demonic_c, minivault_1, uniq_nergalle
D:12:     layout_loops_corners, david_orc_3, tgw_trog
D:13:     layout_basic, serial_shops, shop
D:14:     minmay_roctagon, layout_loops_cross, david_vaults_4,
          kennysheep_decorative_pillar
D:15:     gammafunk_depths_entry_grave, layout_loops_corners, okawaru_trees_1,
          drop_trap
Temple:   nicolae_temple_bog_church
Lair:1:   wad_woods_tower, layout_cave_pods, nicolae_lair_liquid_snakes,
          lemuel_fruit_fields, uniq_sonja, uniq_grum
Lair:2:   regret_index_combs_of_tragedy, layout_layer_cave,
          nicolae_spider_entry_non_spiders, ebering_ghost_reflecting_pool,
          grunt_forest_large_clearings
Lair:3:   layout_regular_city, elwin_shoals_entry_rooms, eino_house_with_fridge,
          uniq_gastronok
Lair:4:   layout_regular_city, uniq_snorg
Lair:5:   grunt_lair_end_beastmaster, layout_loops_ring, slime_entry_1,
          gammafunk_ghost_hydra_chop, serial_bayou_shore_b,
          infiniplex_staircase_pool, uniq_rupert
Shoals:1: layout_shoals
Shoals:2: nicolae_shoals_deep_elves_summer_vacation, layout_shoals,
          nicolae_splish_splash, uniq_jorgrun
Shoals:3: layout_shoals
Shoals:4: shoals_end_hangedman, layout_shoals
Spider:1: layout_spider_delve, drop_trap
Spider:2: mumra_spider_spiderweb
Spider:3: layout_cave_pods
Spider:4: hellmonk_spider_rune_bug_friends, nzn_ghost_randoct, uniq_arachne,
          uniq_roxanne, uniq_agnes
Orc:1:    layout_caves, serial_shops, nicolae_shop_behind_doors, uniq_urug
Orc:2:    st_orc_town, layout_caves, serial_shops, shop, uniq_maurice

Skill      XL: |  1  2  3  4  5  6  7  8  9 10 11 12 13 14 15 16 17 18 |
---------------+-------------------------------------------------------+-----
Long Blades    | 3 4 9 10 11 | 11.6
Short Blades   | 1 2 4 5 6 7 9 |  9.5
Conjurations   | 3 4 5 6 8 9 11 | 11.9
Spellcasting   | 1 2 4 9 11 | 11.9
Fighting       | 4 7 8 9 11 | 11.9
Evocations     | 3 4 6 8 |  8.0
Dodging        | 4 5 7 8 |  8.6
Stealth        | 4 7 9 10 | 10.8
Hexes          | 4 |  4.5
Throwing       | 7 8 9 |  9.8
Summonings     | 2 6 |  6.8
Transmutations | 3 |  3.4
Necromancy     | 5 |  5.0
Earth Magic    | 4 |  4.2
Translocations | |  0.8

Action                     |  1- 3 |  4- 6 |  7- 9 | 10-12 | 13-15 | 16-18 || total
---------------------------+-------+-------+-------+-------+-------+-------++-------
  Melee: Falchion          |    67 |       |       |       |       |       ||    67
         Short sword       |    43 |   198 |   125 |    23 |    13 |       ||   402
         Kick              |       |       |    82 |   199 |   410 |   118 ||   809
         Dagger            |       |       |    35 |   388 |   946 |    97 ||  1466
         Scimitar          |       |       |       |     9 |    11 |    43 ||    63
         Rapier            |       |       |       |       |       |   234 ||   234
  Throw: Dart              |       |     4 |     4 |     5 |     3 |       ||    16
         Javelin           |       |     2 |     2 |    19 |    35 |    92 ||   150
   Cast: Magic Dart        |       |    13 |    85 |   115 |    85 |       ||   298
         Searing Ray       |       |       |    24 |    27 |       |       ||    51
         Fulminant Prism   |       |       |     1 |    24 |    10 |    13 ||    48
         Call Canine Famil |       |       |       |    31 |    25 |     1 ||    57
         Stone Arrow       |       |       |       |    16 |    86 |   135 ||   237
         Irradiate         |       |       |       |     8 |    94 |    43 ||   145
         Passwall          |       |       |       |     8 |    21 |    14 ||    43
         Orb of Destructio |       |       |       |       |     8 |    46 ||    54
         Petrify           |       |       |       |       |    50 |    51 ||   101
         Summon Cactus Gia |       |       |       |       |    18 |    17 ||    35
         Apportation       |       |       |       |       |     2 |    52 ||    54
         Animate Dead      |       |       |       |       |       |    11 ||    11
         Blink             |       |       |       |       |       |     1 ||     1
         Borgnjor's Vile C |       |       |       |       |       |    25 ||    25
 Invoke: Curse Item        |     3 |     2 |     3 |     1 |     3 |     1 ||    13
         Shatter the Chain |       |     1 |       |     1 |     1 |     1 ||     4
  Evoke: Wand              |       |       |     2 |     1 |     6 |     1 ||    10
         Lightning rod     |       |       |       |     2 |     3 |     4 ||     9
         Phantom mirror    |       |       |       |       |     2 |       ||     2
    Use: Potion            |       |     1 |     5 |     1 |     1 |     5 ||    13
         Scroll            |       |       |       |     5 |     8 |     5 ||    18
   Stab: Paralysed         |       |     1 |     6 |    26 |    59 |    42 ||   134
         Sleeping          |       |       |     1 |     8 |    21 |    21 ||    51
         Distracted        |       |       |       |     5 |     4 |     3 ||    12
         Petrified         |       |       |       |     1 |    33 |    45 ||    79
         Petrifying        |       |       |       |       |    19 |     9 ||    28
 Armour: Robe              |    10 |    18 |    25 |    42 |   191 |   121 ||   407
         Chain mail        |    36 |    45 |       |       |       |       ||    81
         Skin              |       |       |       |     6 |       |       ||     6
  Dodge: Dodged            |    59 |    67 |   103 |   267 |   697 |   340 ||  1533
  Block: Orb               |       |       |     2 |    73 |   147 |    60 ||   282
